 Dungeon Crawl Stone Soup version 0.27-a0-808-g60bc5d92e6 (webtiles) character file.

Game seed: 1744619816467828407

64 rageheart7 the Ruffian (level 4, -2/40 HPs)
             Began as a Ghoul Berserker on Mar 28, 2021.
             Was a Follower of Trog.
             Slain by a gnoll
             ... wielding a +0 club
              (10 damage)
             ... on level 2 of the Dungeon.
             The game lasted 00:01:09 (1848 turns).

rageheart7 the Ruffian (Ghoul Berserker)            Turns: 1848, Time: 00:01:10

Health: -2/40      AC:  2    Str: 20    XL:     4   Next: 12%
Magic:  3/3        EV: 11    Int:  3    God:    Trog [*.....]
Gold:   75         SH:  0    Dex:  8    Spells: 3/3 levels left

rFire    . . .     SeeInvis .     - Unarmed
rCold    + . .     Faith    .   (no shield)
rNeg     + + +     Spirit   .   a - +0 animal skin
rPois    ∞         Reflect  .   (no helmet)
rElec    .         Harm     .   (no cloak)
rCorr    .         Rampage  .   (no gloves)
Will     .....                  (no boots)
Stlth    +.........             (no amulet)
HPRegen  0.00/turn              (no ring)
MPRegen  0.08/turn              (no ring)

@: hasted, very quick
A: claws 1, cold resistance 1, negative energy resistance 3, inhibited
regeneration, torment resistance 2, unbreathing 1
a: Renounce Religion


You were on level 2 of the Dungeon.
You worshipped Trog.
Trog was aware of your devotion.
You visited 1 branch of the dungeon, and saw 2 of its levels.

You collected 75 gold pieces.

Inventory:

Armour
 a - a +0 animal skin (worn)
Jewellery
 d - an amulet of faith
Scrolls
 b - a scroll of identify {unknown}
Potions
 f - a potion of curing {unknown}
 g - a potion of brilliance {unknown}


   Skills:
 * Level 4.0 Fighting
 - Level 1.7 Armour
 - Level 1.7 Dodging
 * Level 4.8 Unarmed Combat


You had 3 spell levels left.
You didn't know any spells.
Your spell library was empty.

Dungeon Overview and Level Annotations

Branches:
Dungeon (2/15)

Altars:
Yredelemnul

Shops:
D:2 (

Annotations:
D:2 1 runed translucent door


Innate Abilities, Weirdness & Mutations

You thrive by killing the living.
You are immune to poison.
You have sharp fingernails.
Your flesh is cold resistant. (rC+)
You are immune to negative energy. (rN+++)
You do not regenerate when monsters are visible.
You are immune to unholy pain and torment.
You can survive without breathing.


Message History

Found an escape hatch in the ceiling.
Found Zeidin's Weapon Boutique.
A rat comes into view.
A rat is nearby!
A rat is nearby!
No reachable target in view!
The rat twitches its whiskers. 2 gnolls come into view.
The gnoll shouts! x2
A gnoll comes into view. It is wielding a +0 spear.
The gnoll shouts!
It was a potion of lignification.
You feel woody for a moment.
You scratch the gnoll.
The gnoll is heavily wounded.
The gnoll hits you with a +0 club.
You barely miss the gnoll.
The gnoll is heavily wounded.
The gnoll hits you with a +0 club!
You closely miss the gnoll.
The gnoll is heavily wounded.
The gnoll hits you with a +0 club.
You scratch the gnoll.
The gnoll is heavily wounded.
You scratch the gnoll.
The gnoll is severely wounded.
The gnoll hits you with a +0 club.
You claw the gnoll!
You kill the gnoll!
Trog accepts your kill.
You have reached level 4!
It was a potion of haste.
You feel yourself speed up. The gnoll hits you with a +0 club.
You scratch the gnoll.
The gnoll is moderately wounded.
The gnoll hits you from afar with a +0 spear.
* * * LOW HITPOINT WARNING * * *
You closely miss the gnoll.
The gnoll is moderately wounded.
The gnoll hits you with a +0 club!
You die...

#####.#.#
###.....#.#
#...#####.###
##.####......#
.....).>##.#.#
##.#.##.##<#.#
#.#.# ..#.#####
##.#.#######.#...#
...#.........#.#@#
#########....#.#g#
#≈≈≈....#g#
#≈≈≈≈≈####.#
#≈≈r≈≈. ..# ##
#≈≈.≈≈. ### .#
##≈.≈.. .# #......
# #...#


You could see 2 gnolls.

Vanquished Creatures
  A gnoll (D:2)
  2 adders (D:2)
  A worm (D:2)
  2 dart slugs (D:1)
  2 endoplasms
  2 goblins
  3 hobgoblins (D:1)
  A quokka (D:2)
  7 ball pythons
  2 bats (D:1)
  2 frilled lizards (D:1)
  A goblin zombie (D:2)
  2 kobolds (D:1)
  3 rats
31 creatures vanquished.

Notes
Turn   | Place    | Note
-------+----------+-------------------------------------------
     0 | D:1      | rageheart7 the Ghoul Berserker began the quest for the Orb.
     0 | D:1      | Reached XP level 1. HP: 19/19 MP: 0/0
   133 | D:1      | Reached XP level 2. HP: 26/26 MP: 1/1
   800 | D:1      | Reached XP level 3. HP: 33/33 MP: 2/2
   995 | D:2      | Found a faded altar of an unknown god.
  1083 | D:2      | Noticed a human
  1084 | D:2      | Found a runed translucent door.
  1086 | D:2      | Found a basalt altar of Yredelemnul.
  1828 | D:2      | Found Zeidin's Weapon Boutique.
  1846 | D:2      | Reached XP level 4. HP: 18/40 MP: 3/3
  1848 | D:2      | Slain by a gnoll

Illustrated notes

Levels and vault maps discovered:
D:1:      psy_arrival_fountain, layout_basic
D:2:      layout_basic, serial_shops, nicolae_shop_waterfront,
          chequers_ecumenical_altar_lobes, roderic_serpentine_path,
          dk_yredelemnul_ordeal

Skill      XL: |  1  2  3 |
---------------+----------+-----
Unarmed Combat | 4 |  4.8
Fighting       | 4 |  4.0
Armour         | |  1.7
Dodging        | |  1.7

Action                   |  1- 3 |  4- 6 || total
-------------------------+-------+-------++-------
Melee: Unarmed           |    91 |     2 ||    93
       Punch             |     1 |       ||     1
  Use: Potion            |     1 |     1 ||     2
Armor: Animal skin       |     9 |       ||     9
Dodge: Dodged            |    44 |       ||    44

Table legend: (Time is in decaauts)
 A = Elapsed time spent in this place.
 B = Non-inter-level travel time spent in this place.
 C = Inter-level travel time spent in this place.
 D = Time resting spent in this place.
 E = Time spent auto-exploring this place.
 F = Levels seen in this place.
 G = Mean time per level.
                   A        B        C        D        E       F      G
               +--------+--------+--------+--------+--------+-----+--------+
         Total |   1839 |   1787 |     52 |      0 |   1596 |   2 |  919.5 |
       Dungeon |   1839 |   1787 |     52 |      0 |   1596 |   2 |  919.5 |
               +--------+--------+--------+--------+--------+-----+--------+

Top non-repeatable levels by time:
     D:1: 976 daAuts
     D:2: 863 daAuts
